 Dungeon Crawl Stone Soup version 0.31-a0-1591-g515db51633 (webtiles) character file.

Game seed: 15329702352186675023

422556 PlayingRandomsOnly the Stormcaller (level 22, -7/198 HPs)
             Began as a Black Draconian Reaver on Jan 6, 2024.
             Was the Champion of Vehumet.
             Mangled by a storm dragon (16 damage)
             ... on level 2 of the Realm of Zot.
             The game lasted 05:25:24 (65252 turns).

PlayingRandomsOnly the Stormcaller (DrRe)          Turns: 65252, Time: 05:25:25

Health: -7/198     AC: 21    Str: 20    XL:     22   Next: 36%
Magic:  16/33      EV: 21    Int: 23    God:    Vehumet [******]
Gold:   2992       SH: 15    Dex: 19    Spells: 10/44 levels left

rFire   + . .        a - +18 lance "Wyrmbane" {slay drac, rPois rF+ rC+ AC+3}
rCold   + + .        p - +2 kite shield {AC+3}
rNeg    + . .        (body armour unavailable)
rPois   +            e - +0 hat {SInv}
rElec   +            g - scarf {harm}
rCorr   .            d - +2 pair of gloves {Dex+3}
SInv    +            X - +0 pair of boots "Dihize" {Int+4}
Will    ++...        s - amulet of the acrobat
Stlth   +++          Q - ring of protection from cold
HPRegen 0.53/turn    R - ring of the Modern Eyes {rN+ Will+ Str+5 Int-5 Dex+6}
MPRegen 0.23/turn

%: harm (+30% outgoing, +20% incoming), acrobat, clarity
@: flying, hasted, studying Axes, very quick
A: breathe lightning, AC +11, unfitting armour, big wings, electricity
resistance, cold-blooded, stinger 2, clarity, low MP 1
}: 3/15 runes: decaying, serpentine, slimy
a: Breathe Lightning, Renounce Religion


You were on level 2 of the Realm of Zot.
You worshipped Vehumet.
Vehumet was exalted by your worship.
You visited 8 branches of the dungeon, and saw 41 of its levels.
You visited the Abyss 1 time.
You visited 1 bazaar.
You also visited: Gauntlet.

You collected 6366 gold pieces.
You spent 3374 gold pieces at shops.

Inventory:

Hand Weapons
 a - the +18 lance "Wyrmbane" (weapon) {slay drac, rPois rF+ rC+ AC+3}
   (You found it on level 5 of the Pits of Slime)

   AC+3:      It affects your AC (+3).
   rF+:       It protects you from fire.
   rC+:       It protects you from cold.
   rPois:     It protects you from poison
Missiles
 J - 4 curare-tipped darts
Armour
 d - a +2 pair of gloves of dexterity (worn)
 e - a +0 hat of see invisible (worn)
 g - a scarf of harm (worn)
 p - a +2 kite shield of protection (worn)
 X - the +0 pair of boots "Dihize" (worn) {Int+4}
   (You found it on level 15 of the Dungeon)

   Int+4:     It affects your intelligence (+4).
Magical Staves
 b - the staff of the Salmon {Int+5 Dex+3 Conj}
   (You found it on level 5 of the Lair of Beasts)

   [staff of conjuration]

   Base accuracy: +5 Base damage: 5 Base attack delay: 1.2 This weapon's minimum
   attack delay (0.6) is reached at skill level 12.
   Int+5:     It affects your intelligence (+5).
   Dex+3:     It affects your dexterity (+3).
   Conj:      It increases the power of your Conjurations spells.
   It falls into the 'Staves' category.
   It is a one-handed weapon.
Jewellery
 s - an amulet of the acrobat (around neck)
 v - a ring of resist corrosion
 y - a ring of willpower
 z - a ring of protection from fire
 Q - a ring of protection from cold (left hand)
 R - the ring of the Modern Eyes (right hand) {rN+ Will+ Str+5 Int-5 Dex+6}
   (You bought it in a shop in a bazaar)

   [ring of dexterity]

   Str+5:     It affects your strength (+5).
   Int-5:     It affects your intelligence (-5).
   Dex+6:     It affects your dexterity (+6).
   rN+:       It protects you from negative energy.
   Will+:     It increases your willpower.
 T - the ring of Sedorin {Wiz rPois}
   (You found it in a Gauntlet)

   [ring of wizardry]

   Wiz:       It improves your spell success rate.
   rPois:     It protects you from poison
Wands
 l - a wand of iceblast (27)
 r - a wand of mindburst (28)
 w - a wand of flame (68)
 A - a wand of quicksilver (8)
 C - a wand of polymorph (25)
 H - a wand of charming (16)
 S - a wand of digging (12)
Scrolls
 h - 2 scrolls of vulnerability
 k - 10 scrolls of teleportation
 q - 7 scrolls of fog
 t - 3 scrolls of poison
 u - 2 scrolls of butterflies
 E - 2 scrolls of blinking
 F - 3 scrolls of noise
 K - 8 scrolls of immolation
 M - 4 scrolls of fear
 V - a scroll of torment
 W - 2 scrolls of silence
Potions
 c - 7 potions of curing
 f - 4 potions of brilliance
 j - 6 potions of enlightenment
 m - 6 potions of resistance
 x - 2 potions of mutation
 D - 3 potions of lignification
 G - 4 potions of invisibility
 I - 4 potions of might
 L - a potion of ambrosia
 N - 3 potions of berserk rage
 O - 4 potions of haste
 Z - 3 potions of magic
Miscellaneous
 n - a box of beasts (inert)
 o - a phantom mirror (inert)
 B - a lightning rod (3/4)
 U - a phial of floods (inert)


   Skills:
 + Level 16.6 Fighting
 - Level 9.8(11.6) Maces & Flails
 - Level 10.2(12.0) Polearms
 - Level 10.1(13.3) Staves
 + Level 14.2 Dodging
 - Level 4.0 Stealth
 + Level 12.0 Shields
 + Level 11.7 Spellcasting
 - Level 14.2 Conjurations
 - Level 10.0 Summonings
 - Level 3.0 Translocations
 - Level 7.0 Ice Magic
 + Level 18.6 Air Magic
 - Level 10.0 Evocations


You had 10 spell levels left.
You knew the following spells:

 Your Spells              Type           Power      Damage    Failure   Level
a - Maxwell's Capacitive  Air            39%        ∞         7%          8
b - Orb of Destruction    Conj           34%        9d10      5%          7
c - Arcjolt               Conj/Air       36%        1d46      1%          5
d - Spellforged Servitor  Conj/Summ      31%        N/A       13%         7
e - Freezing Cloud        Conj/Ice/Air   32%        6-21      1%          5
f - Blink                 Tloc           54%        N/A       3%          2

Your spell library contained the following spells:

 Spells                   Type           Power      Damage    Failure   Level
 Chain Lightning          Conj/Air       36%        3d48      90%         9
 Ignition                 Fire           6%         3d4       100%        8
 Shatter                  Erth           6%         3d9*      100%        9
 Static Discharge         Conj/Air       100%       3-8/arc   0%          2
 Freeze                   Ice            100%       1d10      1%          1
 Kiss of Death            Conj/Necr      100%       2d13      1%          1
 Call Imp                 Summ           100%       N/A       1%          2
 Cigotuvi's Dreadful Rot  Necr/Alch/Air  84%        N/A       1%          2
 Momentum Strike          Conj/Tloc      100%       3d10      1%          2
 Call Canine Familiar     Summ           56%        N/A       1%          3
 Frozen Ramparts          Ice            90%        1d14      1%          3
 Hailstorm                Conj/Ice       58%        3d11      1%          3
 Summon Ice Beast         Ice/Summ       51%        N/A       1%          3
 Airstrike                Air            39%        2d(6-22)  1%          4
 Flame Wave               Conj/Fire      46%        2d12      1%          4
 Fulminant Prism          Conj/Alch      23%        3d12      1%          4
 Iskenderun's Mystic Bla  Conj/Tloc      52%        2d11      1%          4
 Summon Lightning Spire   Summ/Air       68%        N/A       1%          4
 Sandblast                Erth           26%        2d8       2%          1
 Lesser Beckoning         Tloc           54%        N/A       3%          2
 Volatile Blastmotes      Fire/Tloc      40%        2d13      3%          3
 Irradiate                Conj/Alch      23%        3d19      3%          5
 Gell's Gravitas          Tloc           27%        N/A       7%          3
 Inner Flame              Hex/Fire       13%        N/A       7%          3
 Teleport Other           Tloc           27%        N/A       7%          3
 Slow                     Hex            52%        N/A       9%          1
 Martyr's Knell           Necr/Summ      36%        N/A       11%         4
 Summon Blazeheart Golem  Fire/Summ      36%        N/A       11%         4
 Sublimation of Blood     Necr           13%        N/A       12%         2
 Ignite Poison            Fire/Alch      13%        N/A       21%         4
 Sticky Flame             Fire/Alch      13%        2d5       21%         4
 Confusing Touch          Hex            13%        N/A       24%         3
 Sigil of Binding         Hex            13%        N/A       24%         3
 Tukima's Dance           Hex            13%        N/A       24%         3
 Vampiric Draining        Necr           13%        2d6       24%         3
 Passage of Golubria      Tloc           27%        N/A       24%         4
 Summon Mana Viper        Hex/Summ       36%        N/A       28%         5
 Dimensional Bullseye     Hex/Tloc       10%        N/A       41%         4
 Lee's Rapid Deconstruct  Erth           6%         3d6*      47%         5
 Yara's Violent Unravell  Hex/Alch       6%         3d5       47%         5
 Anguish                  Hex/Necr       6%         N/A       63%         4
 Cause Fear               Hex            6%         N/A       63%         4
 Dispel Undead            Necr           13%        3d9       63%         4
 Petrify                  Alch/Erth      13%        N/A       63%         4
 Ozocubu's Refrigeration  Ice            22%        4d12      65%         7
 Monstrous Menagerie      Summ           28%        N/A       75%         7
 Summon Hydra             Summ           28%        N/A       75%         7
 Borgnjor's Vile Clutch   Necr/Erth      6%         N/A       92%         5
 Sculpt Simulacrum        Ice/Alch       14%        N/A       96%         6
 Dispersal                Tloc           13%        N/A       98%         6
 Malign Gateway           Summ/Tloc      21%        N/A       99%         7
 Death Channel            Necr           6%         N/A       100%        6
 Enfeeble                 Hex            6%         N/A       100%        7
 Infestation              Necr           6%         N/A       100%        8
 Summon Horrible Things   Summ           28%        N/A       100%        8
 Polar Vortex             Ice            22%        12d3*     100%        9
 Animate Armour           Summ/Erth      Unusable   N/A       N/A         4

Dungeon Overview and Level Annotations

Branches:
Dungeon (15/15)            Temple (0/1) D:6            Lair (5/5) D:8
  Swamp (4/4) Lair:3        Snake (4/4) Lair:3        Slime (5/5) Lair:4
    Orc (2/2) D:12            Elf (0/3) Orc:2        Vaults (0/5) D:13
 Depths (4/4) D:15            Zot (2/5) Depths:4    Gauntlet (visited)

Altars:
Ashenzari
Cheibriados
Elyvilon
Gozag
Kikubaaqudgha
Nemelex Xobeh
Qazlal
Sif Muna
Uskayaw
Vehumet
Xom
Yredelemnul
Zin
The Shining One
Jiyva
Lugonu

Shops:
D:8 *   D:10 *:**[   D:14 !!!*   Orc:2 *[:(   Snake:4 ?   Depths:2 ?
Depths:3 *[[

Portals:
Hell: Depths:1 Depths:2 Depths:3 Depths:4
Abyss: Depths:3 Depths:4
Pandemonium: Depths:2 Depths:3
Ziggurat: Depths:1

Annotations:
Depths:1 3 runed translucent doors, Sias's ghost, adept TeSh
Zot:2 1 runed translucent door


Innate Abilities, Weirdness & Mutations

You can breathe wild blasts of lightning.
Your glossy black scales are hard. (AC +11)
You cannot fit into any form of body armour.
Your large and strong wings let you fly.
You are resistant to electric shocks. (rElec)
You are cold-blooded and may be slowed by cold attacks.
Your tail ends in a sharp venomous barb.
You possess an exceptional clarity of mind.
Your magical capacity is low. (-10% MP)


Message History

The moth of wrath goads the storm dragon on!
The storm dragon goes berserk!
The storm dragon rages.
You block the storm dragon's attack. The storm dragon barely misses you.
The storm dragon completely misses you.
The storm dragon rages.
The storm dragon attacks as it pursues you!
You block the storm dragon's attack. The storm dragon completely misses you.
You block the storm dragon's attack.
The storm dragon attacks as it pursues you!
You block the storm dragon's attack. The storm dragon misses you.
You block the storm dragon's attack. The storm dragon completely misses you.
You block the storm dragon's attack. The storm dragon completely misses you.
Found a staff of conjuration.
You hit the storm dragon.
The storm dragon convulses!
The storm dragon is lightly wounded.
The storm dragon bites you.
* * * LOW HITPOINT WARNING * * *
The storm dragon misses you. The storm dragon closely misses you.
You puncture the storm dragon!
The storm dragon convulses!!
The storm dragon is moderately wounded.
The storm dragon closely misses you. The storm dragon barely misses you.
The storm dragon tramples you.
* * * LOW HITPOINT WARNING * * *
You are shoved backwards!
You puncture the storm dragon!
The storm dragon convulses.
The storm dragon is heavily wounded.
You are no longer corroded.
Your spellforged servitor conjures a glowing orb.
The storm dragon bites you!
* * * LOW HITPOINT WARNING * * *
The storm dragon claws you.
* * * LOW HITPOINT WARNING * * *
The storm dragon misses you.
You completely miss the storm dragon.
The storm dragon is heavily wounded.
You puncture the storm dragon!
The storm dragon convulses.
The storm dragon is heavily wounded.
The storm dragon bites you!
You die...

############ *#...|......##
*,#.....@....## **#######D#.#.#*
*########...#,**
*#...........#,,**
#########..........*.##,,**
########............9.##,,**
#......................##,,**
....°☼°§D#.#...###......##,,## *
....##..#.#..).,*##......##..##**


You could see a storm dragon (berserk, ally target) and a friendly spellforged
servitor (summoned).

Vanquished Creatures
  the Royal Jelly (Slime:5)
  3 bone dragons
  3 golden dragons
  2 tentacled monstrosities
  A Hell Sentinel (Zot:1)
  2 sphinxes
  Asterion (Snake:3)
  3 quicksilver dragons
  A titan (Depths:2)
  Grunn (Zot:1)
  3 death cobs (Zot:1)
  15 acid blobs
  5 shadow dragons
  A thorn hunter (Swamp:4)
  Agnes (D:15)
  A storm dragon (Zot:1)
  Kirke (Lair:3)
  Aizul (Snake:3)
  3 tentacled starspawn (Abyss:3)
  9 azure jellies
  5 rockslimes
  A fenstrider witch (Swamp:1)
  6 frost giants
  7 fire giants
  A draconian shifter (Depths:4)
  An orc warlord (Orc:2)
  2 reapers (Depths:2)
  16 very ugly things
  A draconian stormcaller (Depths:4)
  8 quicksilver oozes
  2 spriggan defenders (Depths:3)
  A ghoul (Swamp:3)
  3 draconian annihilators
  9 stone giants
  A caustic shrike skeleton (Depths:2)
  A vampire knight (Depths:3)
  5 black draconians
  An eleionoma (Swamp:1)
  A green draconian (Zot:1)
  A putrid mouth (Zot:1)
  A white draconian (Depths:4)
  A minotaur (Gauntlet)
  4 purple draconians
  Nessos (D:12)
  Azrael (D:13)
  2 spark wasps
  4 yellow draconians
  A bunyip (Swamp:2)
  A red draconian (Zot:2)
  5 ettins
  Snorg (D:11)
  A green death (Depths:3)
  8 fire dragons
  Erolcha (D:11)
  5 ice dragons
  A quicksilver dragon skeleton (Depths:2)
  A great orb of eyes (Slime:4)
  2 ghost crabs
  19 hydras
  4 rakshasas
  4 alligators
  The ghost of tish the Nimble, a journeyman GnWn of Dithmenos (D:10)
  4 catoblepae
  6 salamander tyrants
  5 spriggan air magi
  7 centaur warriors
  2 anacondas (Snake:1)
  6 boulder beetles
  9 deep troll shamans
  13 death yaks
  4 tengu warriors
  A two-headed ogre (D:13)
  3 deep troll earth magi
  11 naga warriors
  6 shock serpents
  Urug (D:10)
  2 spriggan berserkers
  A hell hog (Depths:4)
  2 occultists
  2 orc high priests (Orc:2)
  A storm dragon zombie (Depths:2)
  9 naga sharpshooters
  2 soul eaters
  10 hell knights
  7 iron trolls
  A vampire mage (Depths:1)
  A sixfirhy (Gauntlet)
  3 wretched stars (Abyss:3)
  A bunyip zombie (Swamp:1)
  4 spriggans
  2 skysharks
  3 salamander mystics
  A storm dragon skeleton (Depths:2)
  4 sea snakes (Snake:2)
  5 naga ritualists (Snake:4)
  17 deep trolls
  7 mana vipers
  4 swamp dragons (Swamp:4)
  The ghost of voshxx the Arsonist, a novice DrFE of Sif Muna (D:8)
  An arcanist (D:15)
  3 goliath frogs
  3 glowing orange brains
  3 spriggan druids
  Pikel (D:7)
  A deep elf archer (D:15)
  A phantasmal warrior (D:13)
  A flayed ghost (Depths:1)
  9 bog bodies
  6 necromancers
  6 starcursed masses (Abyss:3)
  5 orc knights
  A harpy (shapeshifter) (D:13)
  A cyclops (D:15)
  11 moths of wrath
  6 manticores
  4 deep elf pyromancers
  7 orc sorcerers
  2 will-o-the-wisps
  23 ugly things
  7 meliai
  6 shining eyes
  A meliai (shapeshifter) (D:13)
  10 centaur zombies
  20 salamanders
  A kobold blastminer (Orc:1)
  2 apocalypse crabs (Abyss:3)
  A large abomination (Abyss:3)
  64 slime creatures
  A gargoyle (D:12)
  5 guardian serpents
  16 black mambas
  9 cane toads
  9 elephants (Lair:5)
  15 naga magi
  2 eyes of devastation (Slime:4)
  A rust devil (Depths:3)
  2 hellions
  Jeremiah (D:6)
  A rime drake (Lair:1)
  3 centaur skeletons (D:10)
  4 kobold demonologists
  An unseen horror (D:13)
  Maggie (D:10)
  12 komodo dragons
  A tormentor (Zot:1)
  3 tengu conjurers
  2 hydra zombies (Swamp:1)
  An efreet (D:15)
  Psyche (D:11)
  10 trolls
  3 polar bears (Lair:5)
  A bloated husk (Swamp:3)
  5 hornets
  7 raiju (Abyss:3)
  7 tyrant leeches
  Prince Ribbit (D:5)
  2 meliai zombies (D:11)
  20 blink frogs
  6 shadows
  A spriggan (shapeshifter) (D:13)
  9 wraiths
  5 water elementals (Depths:2)
  4 vampires
  3 wyverns
  A ynoxinul (Abyss:3)
  6 fire elementals (D:13)
  5 basilisks
  59 yaks
  7 golden eyes
  3 wargs (Orc:2)
  A hog (Lair:3)
  13 vampire mosquitoes
  2 steam dragons
  Menkaure (D:7)
  A swamp worm (shapeshifter) (D:13)
  A naga (shapeshifter) (D:14)
  7 swamp worms
  27 nagas
  12 water moccasins
  An acid dragon (D:11)
  A hydra simulacrum (Swamp:1)
  Duvessa (D:7)
  2 hell hounds (D:13)
  15 orc warriors
  6 swamp drakes (Swamp:4)
  2 sky beasts
  3 laughing skulls (D:13)
  2 black bears
  5 ice beasts
  4 wolves (Lair:5)
  6 ogres
  6 centaurs
  2 lemures (D:7)
  5 kobold brigands
  2 weeping skulls (Abyss:3)
  16 bullfrogs
  2 small abominations (Abyss:3)
  3 gnoll sergeants
  Blork the orc (D:6)
  2 scorpions
  5 wights (D:9)
  Dowan (D:7)
  17 killer bees
  8 howler monkeys
  5 electric eels
  2 bombardier beetles
  A crimson imp (Abyss:3)
  4 quasits (D:8)
  3 hounds
  22 orc priests
  2 jellies
  A gnoll bouda (D:9)
  A boggart zombie (D:11)
  18 orc wizards
  2 iguanas (D:7)
  4 centaur simulacra (D:10)
  20 gnolls
  7 adders
  3 white imps
  4 ufetubi (Gauntlet)
  6 ribbon worms
  2 dart slugs
  71 orcs
  7 ball pythons
  6 bats
  9 endoplasms
  A giant cockroach (D:2)
  3 goblins
  2 hobgoblins (D:4)
  3 quokkas
  A frilled lizard (D:2)
  18 kobolds
  5 rats
  2 starspawn tentacles (Abyss:3)
1249 creatures vanquished.

Vanquished Creatures (collateral kills)
  The ghost of Nanua the Severer, a legendary GnRe of Ashenzari (Zot:1)
  A profane servitor (Abyss:3)
  A doom hound (Zot:1)
  5 acid blobs
  A titan (Depths:4)
  A fenstrider witch (Swamp:4)
  2 nagarajas (Snake:4)
  4 rockslimes
  A frost giant (Depths:2)
  An orc warlord (Orc:2)
  A formless jellyfish (Slime:5)
  5 very ugly things (Depths:2)
  A yellow draconian (Zot:1)
  2 eleionomae (Swamp:1)
  A white draconian (Depths:4)
  A putrid mouth (Zot:1)
  4 bunyips
  Josephine (D:12)
  2 great orbs of eyes
  An alligator (Swamp:1)
  A ghost crab (Swamp:1)
  9 hydras
  A spriggan air mage (Depths:2)
  A deep troll shaman (Depths:3)
  A two-headed ogre (D:12)
  2 orc high priests (Orc:2)
  8 naga warriors
  3 naga sharpshooters (Snake:3)
  3 hell knights
  6 spriggans
  2 salamander mystics
  A goliath frog (Swamp:2)
  4 bog bodies
  A deep troll (Depths:3)
  A deep elf archer (Orc:2)
  A swamp dragon (Swamp:4)
  An alligator zombie (Swamp:1)
  An orc knight (Orc:2)
  A shining eye (Slime:2)
  An orc sorcerer (Orc:2)
  A will-o-the-wisp (Swamp:2)
  5 salamanders
  A manticore (D:12)
  3 black mambas
  8 naga magi
  A hydra zombie (Swamp:1)
  5 trolls
  6 hornets
  2 bloated husks
  4 tyrant leeches
  3 slime creatures
  A shadow (D:11)
  2 wraiths (D:12)
  A chaos spawn (Abyss:3)
  8 golden eyes
  2 wargs
  2 vampire mosquitoes (Swamp:1)
  7 swamp worms
  17 nagas
  18 orc warriors
  3 swamp drakes (Swamp:4)
  2 ogres
  A necrophage (Swamp:3)
  9 orc priests
  3 orc wizards (Orc:2)
  25 orcs
226 creatures vanquished.

Vanquished Creatures (others)
  Vashnia (Snake:3)
  2 doom hounds (Zot:1)
  2 fire giants (Depths:2)
  2 black draconians (Zot:1)
  A spark wasp (Depths:3)
  A red draconian (Zot:1)
  An alligator (Swamp:1)
  A hell knight (Depths:3)
  An orc knight (Orc:2)
  A moth of wrath (Zot:1)
  A black mamba (Snake:1)
  A rime drake (Lair:3)
  2 bloated husks
  A slime creature (Slime:5)
  A wyvern (Lair:2)
  3 humans (Lair:3)
  An orc warrior (Orc:2)
  An orc wizard (Orc:2)
  An orc (D:7)
  10 foxfires
  3 starspawn tentacles (Abyss:3)
38 creatures vanquished.

Grand Total: 1513 creatures vanquished

Notes
Turn   | Place    | Note
-------+----------+-------------------------------------------
     0 | D:1      | PlayingRandomsOnly the Draconian Reaver began the quest for
                  | the Orb.
     0 | D:1      | Reached XP level 1. HP: 17/17 MP: 3/3
    27 | D:1      | Found a faded altar of an unknown god.
    37 | D:1      | Prayed at the altar of an unknown god.
    37 | D:1      | Became a worshipper of Vehumet
    37 | D:1      | Reached * piety under Vehumet
    37 | D:1      | Offered knowledge of Sandblast by Vehumet.
    40 | D:1      | Learned a level 1 spell: Sandblast
   337 | D:1      | Reached XP level 2. HP: 22/22 MP: 5/5
   808 | D:2      | Reached XP level 3. HP: 26/29 MP: 4/6
   832 | D:2      | Learned a level 2 spell: Momentum Strike
  1147 | D:2      | Reached skill level 1 in Stealth
  1327 | D:2      | Reached ** piety under Vehumet
  1712 | D:3      | Offered knowledge of Static Discharge by Vehumet.
  1713 | D:3      | Reached XP level 4. HP: 14/25 MP: 2/7
  2770 | D:4      | Reached XP level 5. HP: 37/38 MP: 4/8
  3157 | D:4      | Reached skill level 5 in Fighting
  3227 | D:4      | Noticed an ogre
  3274 | D:4      | Killed an ogre
  3275 | D:4      | Reached XP level 6. HP: 52/56 MP: 9/9
  3346 | D:4      | Offered knowledge of Frozen Ramparts by Vehumet.
  3362 | D:4      | Learned a level 3 spell: Frozen Ramparts
  3814 | D:4      | Reached *** piety under Vehumet
  3889 | D:5      | Entered Level 5 of the Dungeon
  3917 | D:5      | Noticed an ice beast
  4004 | D:5      | Reached skill level 5 in Conjurations
  4135 | D:5      | Noticed a sky beast
  4290 | D:5      | Noticed Prince Ribbit
  4310 | D:5      | Killed Prince Ribbit
  4311 | D:5      | Your scales start taking on a glossy black colour.
  4311 | D:5      | Reached XP level 7. HP: 38/61 MP: 7/10
  4311 | D:5      | Gained mutation: You are resistant to electric shocks.
                  | (rElec) [Black Draconian growth]
  4445 | D:5      | Reached skill level 5 in Dodging
  4445 | D:5      | Reached skill level 1 in Ice Magic
  4886 | D:5      | Reached XP level 8. HP: 65/68 MP: 11/11
  5040 | D:5      | Reached skill level 5 in Ice Magic
  5889 | D:6      | Found a staircase to the Ecumenical Temple.
  5948 | D:6      | Found a white marble altar of Elyvilon.
  5954 | D:6      | Noticed Blork the orc
  6177 | D:6      | Killed Blork the orc
  6178 | D:6      | Reached skill level 1 in Air Magic
  6184 | D:6      | Learned a level 5 spell: Freezing Cloud
  6276 | D:6      | Offered knowledge of Sticky Flame by Vehumet.
  6277 | D:6      | Reached skill level 2 in Air Magic
  6369 | D:6      | Reached skill level 3 in Air Magic
  6419 | D:6      | Reached skill level 4 in Air Magic
  6643 | D:6      | Reached skill level 5 in Air Magic
  6715 | D:6      | Identified the +8 whip "Blob" {elec, *Noise rElec rF+ rN++}
  6788 | D:6      | Noticed Jeremiah
  6916 | D:6      | Killed Jeremiah
  6917 | D:6      | Reached skill level 1 in Maces & Flails
  6917 | D:6      | Reached XP level 9. HP: 35/74 MP: 13/13
  7180 | D:7      | Noticed Pikel
  7189 | D:7      | Killed Pikel
  7190 | D:7      | Reached skill level 6 in Air Magic
  7307 | D:7      | Reached skill level 7 in Air Magic
  7353 | D:7      | Noticed Menkaure
  7371 | D:7      | Killed Menkaure
  7372 | D:7      | Reached skill level 5 in Maces & Flails
  7372 | D:7      | Reached skill level 8 in Air Magic
  7483 | D:7      | Reached **** piety under Vehumet
  7689 | D:7      | Noticed Duvessa
  7690 | D:7      | Noticed Dowan
  7700 | D:7      | Killed Duvessa
  7707 | D:7      | Killed Dowan
  7880 | D:7      | Found a snail-covered altar of Cheibriados.
  8146 | D:8      | Found a stormy altar of Qazlal.
  8146 | D:8      | Found a hide-covered altar of Uskayaw.
  8146 | D:8      | Found a shimmering blue altar of Sif Muna.
  8146 | D:8      | Found a shimmering altar of Xom.
  8146 | D:8      | Found an ancient bone altar of Kikubaaqudgha.
  8146 | D:8      | Found a basalt altar of Yredelemnul.
  8152 | D:8      | Reached skill level 9 in Air Magic
  8153 | D:8      | Reached XP level 10. HP: 79/81 MP: 7/14
  8317 | D:8      | Found a staircase to the Lair.
  8496 | D:8      | Found a transporter.
  8504 | D:8      | Noticed voshxx's ghost (novice DrFE)
  8511 | D:8      | Found a transporter.
  8567 | D:8      | Found an opulent altar of Gozag.
  8568 | D:8      | Found Gozag's Platinum Reserve.
  9122 | D:9      | Offered knowledge of Airstrike by Vehumet.
  9231 | D:9      | Noticed a soul eater
  9232 | D:9      | Noticed an orange demon
  9669 | D:9      | Found a glowing golden altar of the Shining One.
  9782 | D:10     | Entered Level 10 of the Dungeon
  9788 | D:10     | Noticed Maggie
  9789 | D:10     | Found a sparkling altar of Nemelex Xobeh.
  9795 | D:10     | Killed Maggie
  9801 | D:10     | Reached ***** piety under Vehumet
  9801 | D:10     | Offered knowledge of Arcjolt by Vehumet.
  9835 | D:10     | Learned a level 5 spell: Arcjolt
  9968 | D:10     | Reached XP level 11. HP: 89/92 MP: 15/15
 10218 | D:10     | Noticed tish's ghost (journeyman GnWn)
 10359 | D:10     | Found Raisynir's General Store.
 10363 | D:10     | Learned a level 2 spell: Blink
 10365 | D:10     | Bought a scroll of fear for 60 gold pieces
 10385 | D:10     | Found Qoniq's General Store.
 10389 | D:10     | Bought 2 scrolls of blinking for 225 gold pieces
 10422 | D:10     | Found Wyrhidgh's Armour Emporium.
 10486 | D:10     | Found Ciasetam's Book Emporium.
 10580 | D:10     | Found a runed translucent gate.
 10581 | D:10     | Found Wogoac's Assorted Antiques.
 10582 | D:10     | Found a runed translucent gate.
 10582 | D:10     | Found a runed translucent gate.
 10589 | D:10     | Noticed Urug
 10594 | D:10     | Killed Urug
 10595 | D:10     | Reached skill level 1 in Translocations
 10708 | D:10     | Reached skill level 1 in Evocations
 11447 | D:10     | Identified the +1 leather armour "Qemoko" {+Inv Int+3 SInv
                  | Stlth-}
 11644 | Lair:1   | Entered Level 1 of the Lair of Beasts
 13182 | Lair:2   | Noticed a catoblepas
 13211 | Lair:2   | Reached skill level 5 in Spellcasting
 13539 | Lair:2   | Noticed a skyshark
 13627 | Lair:2   | Killed a skyshark
 13636 | Lair:2   | Learned a level 7 spell: Orb of Destruction
 13850 | Lair:2   | Killed a catoblepas
 14118 | Lair:2   | Reached XP level 12. HP: 80/100 MP: 21/21
 14201 | Lair:2   | Reached skill level 10 in Conjurations
 14301 | Lair:2   | Noticed a seven-headed hydra
 14309 | Lair:2   | Killed a seven-headed hydra
 14325 | Lair:2   | Offered knowledge of Fireball by Vehumet.
 15077 | Lair:3   | Noticed Kirke
 15101 | Lair:3   | Killed Kirke
 15402 | Lair:3   | Noticed a catoblepas
 15412 | Lair:3   | Killed a catoblepas
 15679 | Lair:3   | Found a staircase to the Snake Pit.
 15958 | Lair:3   | Found a staircase to the Swamp.
 16271 | Lair:4   | Noticed a catoblepas
 16292 | Lair:4   | Killed a catoblepas
 16550 | Lair:4   | Noticed a death yak
 16576 | Lair:4   | Reached XP level 13. HP: 83/107 MP: 5/23
 17017 | Lair:4   | Found a staircase to the Slime Pits.
 17020 | Lair:4   | Found a viscous altar of Jiyva.
 17272 | Lair:5   | Entered Level 5 of the Lair of Beasts
 18944 | Lair:5   | Reached skill level 10 in Fighting
 18977 | Lair:5   | Reached skill level 1 in Summonings
 19068 | Lair:5   | Offered knowledge of Lee's Rapid Deconstruction by Vehumet.
 19924 | Lair:5   | Identified the staff of the Salmon {Int+5 Dex+3 Conj}
 20254 | D:11     | Gained mutation: Your large and strong wings let you fly.
                  | [Black Draconian growth]
 20254 | D:11     | Reached XP level 14. HP: 115/121 MP: 19/27
 20446 | D:11     | Noticed Erolcha
 20452 | D:11     | Noticed Psyche
 20455 | D:11     | Killed Psyche
 20481 | D:11     | Killed Erolcha
 20798 | D:11     | Reached skill level 5 in Summonings
 20920 | D:11     | Learned a level 7 spell: Spellforged Servitor
 21267 | D:11     | Noticed Snorg
 21285 | D:11     | Killed Snorg
 21735 | D:12     | Found a staircase to the Orcish Mines.
 21744 | D:12     | Offered knowledge of Conjure Ball Lightning by Vehumet.
 22046 | D:12     | Noticed Josephine
 22061 | D:12     | Killed Josephine
 22293 | D:12     | Noticed Nessos
 22296 | D:12     | Killed Nessos
 22407 | D:12     | Found a corrupted altar of Lugonu.
 23226 | Orc:1    | Entered Level 1 of the Orcish Mines
 23243 | Orc:1    | Reached skill level 1 in Staves
 23872 | Orc:2    | Entered Level 2 of the Orcish Mines
 23891 | Orc:2    | Offered knowledge of Starburst by Vehumet.
 24319 | Orc:2    | Found the +18 Lear's hauberk
 24332 | Orc:2    | Noticed an orc warlord
 24335 | Orc:2    | Reached skill level 10 in Summonings
 24337 | Orc:2    | Killed an orc warlord
 24655 | Orc:2    | Found a staircase to the Elven Halls.
 25160 | Orc:2    | Noticed an orc warlord
 25448 | Orc:2    | Reached XP level 15. HP: 126/126 MP: 22/28
 25469 | Orc:2    | Reached skill level 10 in Spellcasting
 25874 | Orc:2    | Reached skill level 5 in Staves
 25888 | Orc:2    | Found Fawk's General Store.
 25888 | Orc:2    | Found Fuh Siu's Book Boutique.
 25916 | Orc:2    | Found Ciqya's Antique Armour Boutique.
 25916 | Orc:2    | Found Vaymuist's Antique Weapon Shop.
 25920 | Orc:2    | Bought a pair of runed gloves for 172 gold pieces
 25942 | Orc:2    | Bought a potion of heal wounds for 70 gold pieces
 25942 | Orc:2    | Bought a box of beasts for 560 gold pieces
 26289 | Swamp:1  | Entered Level 1 of the Swamp
 26302 | Swamp:1  | Reached skill level 5 in Evocations
 26411 | Swamp:1  | Noticed a fenstrider witch
 26415 | Swamp:1  | Paralysed by a fenstrider witch for 2 turns
 26416 | Swamp:1  | Killed a fenstrider witch
 27892 | Swamp:2  | Offered knowledge of Ozocubu's Refrigeration by Vehumet.
 29509 | Swamp:3  | Reached XP level 16. HP: 117/139 MP: 30/30
 30078 | Swamp:4  | Entered Level 4 of the Swamp
 30191 | Swamp:4  | Paralysed by a fenstrider witch for 3 turns
 30998 | Swamp:4  | Noticed a thorn hunter
 31199 | Swamp:4  | Killed a thorn hunter
 31199 | Swamp:4  | Offered knowledge of Maxwell's Capacitive Coupling by
                  | Vehumet.
 31210 | Swamp:4  | Learned a level 8 spell: Maxwell's Capacitive Coupling
 31620 | Swamp:4  | Got a decaying rune of Zot
 31835 | Snake:1  | Entered Level 1 of the Snake Pit
 32228 | Snake:1  | Reached skill level 10 in Dodging
 34855 | Snake:2  | HP: 7/144 [poisoned by a naga (splash of poison)]
 35214 | Snake:3  | Noticed Asterion
 35220 | Snake:3  | Killed Asterion
 35221 | Snake:3  | Reached skill level 10 in Air Magic
 35267 | Snake:3  | Identified the amulet of Onnist {Spirit Will++ MP+9}
 35271 | Snake:3  | Reached XP level 17. HP: 150/150 MP: 19/31
 35276 | Snake:3  | Noticed Vashnia
 35686 | Snake:3  | Identified the serpent talisman "Kiufoam" {Str+4 SInv}
 35686 | Snake:3  | Noticed Aizul
 35694 | Snake:3  | Killed Aizul
 35909 | Snake:3  | Killed Vashnia
 36803 | Snake:3  | Reached ****** piety under Vehumet
 37207 | Snake:4  | Entered Level 4 of the Snake Pit
 37458 | Snake:3  | HP: 7/150 [constriction (2)]
 39064 | Snake:4  | Reached skill level 10 in Staves
 39079 | Snake:4  | Reached skill level 10 in Evocations
 39280 | Snake:4  | Reached skill level 11 in Air Magic
 39515 | Snake:4  | Offered knowledge of Shatter by Vehumet.
 39515 | Snake:4  | Offered knowledge of Chain Lightning by Vehumet.
 39515 | Snake:4  | Offered knowledge of Ignition by Vehumet.
 40094 | Snake:4  | Got a serpentine rune of Zot
 41344 | Snake:4  | Found Efoapt's Magic Scroll Shoppe.
 41350 | Snake:4  | Bought a scroll of enchant armour for 135 gold pieces
 41350 | Snake:4  | Bought a scroll of enchant armour for 135 gold pieces
 41713 | Slime:1  | Entered Level 1 of the Pits of Slime
 42356 | Slime:2  | Noticed an acid blob
 42362 | Slime:2  | Killed an acid blob
 42363 | Slime:2  | Reached XP level 18. HP: 136/161 MP: 19/32
 42491 | Slime:2  | Reached skill level 12 in Air Magic
 42602 | Slime:1  | Gained mutation: Your spells are a little easier to cast,
                  | but a little less powerful. [a shining eye]
 42892 | Slime:2  | You are sucked into a shaft and drop 2 floors!
 42906 | Slime:3  | Paralysed by a formless jellyfish for 1 turns
 43711 | Slime:2  | Found a viscous altar of Jiyva.
 43858 | Slime:4  | Gained mutation: Your body sometimes deteriorates upon
                  | taking damage. [a shining eye]
 43860 | Slime:3  | Lost mutation: Your spells are a little easier to cast, but
                  | a little less powerful. [potion of mutation]
 43860 | Slime:3  | Lost mutation: Your body sometimes deteriorates upon taking
                  | damage. [potion of mutation]
 43860 | Slime:3  | Gained mutation: You are weak. (Str -2) [potion of
                  | mutation]
 44026 | Slime:4  | Gained mutation: Your health recovers twice as slowly from
                  | being drained. [a shining eye]
 44334 | Slime:4  | Lost mutation: You are weak. (Str -2) [potion of mutation]
 44334 | Slime:4  | Lost mutation: Your health recovers twice as slowly from
                  | being drained. [potion of mutation]
 44334 | Slime:4  | Gained mutation: Your body sometimes deteriorates upon
                  | taking damage. [potion of mutation]
 44334 | Slime:4  | Gained mutation: You have hidden genetic potential. [potion
                  | of mutation]
 44335 | Slime:4  | Lost mutation: Your body sometimes deteriorates upon taking
                  | damage. [potion of mutation]
 44335 | Slime:4  | Lost mutation: You have hidden genetic potential. [potion
                  | of mutation]
 44335 | Slime:4  | Gained mutation: You occasionally lose the ability to read
                  | scrolls when taking damage. [potion of mutation]
 44335 | Slime:4  | Gained mutation: You are robust. (+10% HP) [potion of
                  | mutation]
 44335 | Slime:4  | Gained mutation: Your flesh is heat resistant. (rF+)
                  | [potion of mutation]
 44336 | Slime:4  | Lost mutation: You occasionally lose the ability to read
                  | scrolls when taking damage. [potion of mutation]
 44336 | Slime:4  | Lost mutation: You are robust. (+10% HP) [potion of
                  | mutation]
 44336 | Slime:4  | Lost mutation: Your flesh is heat resistant. (rF+) [potion
                  | of mutation]
 44336 | Slime:4  | Gained mutation: You are frail. (-10% HP) [potion of
                  | mutation]
 44337 | Slime:4  | Lost mutation: You are frail. (-10% HP) [potion of
                  | mutation]
 44337 | Slime:4  | Gained mutation: You are dopey. (Int -2) [potion of
                  | mutation]
 44337 | Slime:4  | Gained mutation: You do not regenerate when monsters are
                  | visible. [potion of mutation]
 44351 | Slime:5  | Entered Level 5 of the Pits of Slime
 44784 | Slime:5  | Reached skill level 15 in Fighting
 44953 | Slime:5  | Reached skill level 13 in Air Magic
 45180 | Slime:5  | Gained mutation: You are occasionally teleported next to
                  | monsters. [a shining eye]
 45181 | Slime:5  | Noticed the Royal Jelly
 45471 | Slime:5  | Killed the Royal Jelly
 45943 | D:10     | Bought a book of Blasting for 420 gold pieces
 46607 | Slime:5  | Reached skill level 14 in Air Magic
 46882 | Slime:5  | Found the +8 lance "Wyrmbane" {slay drac, rPois rF+ rC+
                  | AC+3}
 47140 | Slime:5  | Got the Vademecum on the Undead Entourage
 47155 | Slime:5  | Got a slimy rune of Zot
 47159 | Slime:5  | Identified the +4 morningstar "Giexume" {drain, +Blink
                  | Str+8 Dex-2 Stlth+}
 47184 | Slime:5  | Reached XP level 19. HP: 170/170 MP: 33/33
 47188 | Slime:5  | Identified the +6 hand cannon "Diniutz" {flame, rF+ rCorr
                  | Dex-3}
 47191 | Slime:5  | Identified the +4 mace of Webbapt {heavy, *Slow rElec rF+
                  | Str+3}
 47666 | D:13     | Identified a scroll of acquirement
 47666 | D:13     | Acquired 1144 gold pieces
 47682 | D:13     | Noticed Azrael
 47690 | D:13     | Killed Azrael
 47873 | D:13     | Reached skill level 5 in Polearms
 48035 | D:13     | Found a flickering gateway to a bazaar.
 48059 | Bazaar   | Entered a bazaar
 48059 | Bazaar   | Found Yxtabow's Jewellery Boutique.
 48059 | Bazaar   | Found Ciaxyg's Weapon Boutique.
 48186 | Bazaar   | Found Xeodah's General Store.
 48194 | Bazaar   | Bought a scroll of blinking for 90 gold pieces
 48235 | Bazaar   | Found Vyowich's Armour Shop.
 48276 | Bazaar   | Bought the ring of the Modern Eyes {rN+ Will+ Str+5 Int-5
                  | Dex+6} for 792 gold pieces
 48479 | D:13     | Found a gate to the Vaults.
 48780 | D:13     | Reached skill level 5 in Shields
 49019 | D:13     | Lost mutation: You are dopey. (Int -2) [potion of mutation]
 49019 | D:13     | Lost mutation: You are occasionally teleported next to
                  | monsters. [potion of mutation]
 49019 | D:13     | Lost mutation: You do not regenerate when monsters are
                  | visible. [potion of mutation]
 49019 | D:13     | Gained mutation: Your magical capacity is low. (-10% MP)
                  | [potion of mutation]
 49019 | D:13     | Gained mutation: Your tail ends in a venomous barb. [potion
                  | of mutation]
 49019 | D:13     | Gained mutation: Your tail ends in a sharp venomous barb.
                  | [potion of mutation]
 49019 | D:13     | Gained mutation: You possess an exceptional clarity of
                  | mind. [potion of mutation]
 49294 | D:14     | Found Vaaregio's General Store.
 49330 | D:14     | Bought a lightning rod (4/4) for 400 gold pieces
 49521 | D:14     | Reached XP level 20. HP: 161/178 MP: 23/30
 49703 | D:14     | Found Ymnewk's Distillery.
 49711 | D:14     | Bought a potion of mutation for 120 gold pieces
 49928 | D:14     | Found Juvy's Distillery.
 49932 | D:14     | Bought a potion of heal wounds for 75 gold pieces
 49932 | D:14     | Bought a potion of mutation for 120 gold pieces
 50043 | D:14     | Found Miv Sio's Distillery.
 50046 | D:14     | You are sucked into a shaft and drop 1 floor!
 50046 | D:15     | Entered Level 15 of the Dungeon
 50243 | D:15     | Found a staircase to the Depths.
 50413 | D:15     | Found a gate leading to a gauntlet.
 50430 | Gauntlet | Entered a Gauntlet
 50430 | Gauntlet | Found a transporter.
 50430 | Gauntlet | Found a transporter.
 50509 | Gauntlet | Found a transporter.
 50509 | Gauntlet | Found a transporter.
 50519 | Gauntlet | Found a transporter.
 50538 | Gauntlet | Found a transporter.
 50548 | Gauntlet | Found a transporter.
 50555 | Gauntlet | Found a transporter.
 50563 | Gauntlet | Found a transporter.
 50584 | Gauntlet | Found a transporter.
 50593 | Gauntlet | Found a transporter.
 50613 | Gauntlet | Found a transporter.
 50659 | Gauntlet | Found a transporter.
 50677 | Gauntlet | Found a transporter.
 50777 | Gauntlet | Found a transporter.
 50795 | Gauntlet | Found a transporter.
 50926 | Gauntlet | Identified the staff of Expedience {Fly rN+ Str+5 Necro}
 51132 | Gauntlet | Identified the +2 cloak of Xad Vexodd {-Cast Dex+4}
 51191 | Gauntlet | Identified the ring of Sedorin {Wiz rPois}
 51372 | D:15     | Found a hide-covered altar of Uskayaw.
 51557 | D:15     | Identified the +0 pair of boots "Dihize" {Int+4}
 51631 | D:15     | Noticed Agnes
 51638 | D:15     | Killed Agnes
 52229 | Depths:1 | Entered Level 1 of the Depths
 52626 | Depths:1 | Found a one-way gateway to a ziggurat.
 53335 | Depths:1 | Found a gateway to Hell.
 53594 | Depths:1 | You are sucked into a shaft and drop 1 floor!
 53946 | Depths:2 | Reached skill level 10 in Polearms
 54685 | Depths:1 | Found a runed translucent gate.
 54685 | Depths:1 | Found a runed translucent gate.
 54685 | Depths:1 | Found a runed translucent gate.
 54685 | Depths:1 | Noticed Sias's ghost (adept TeSh)
 54925 | D:8      | Killed voshxx's ghost
 55097 | D:10     | Killed tish's ghost
 55531 | Depths:2 | Reached skill level 10 in Shields
 56267 | Depths:2 | Reached skill level 15 in Air Magic
 56554 | Depths:2 | Found Vuvon's Magic Scroll Shoppe.
 56683 | Depths:2 | Found a one-way gate leading to the halls of Pandemonium.
 56734 | Depths:2 | Reached skill level 16 in Air Magic
 57317 | Depths:3 | Reached XP level 21. HP: 89/184 MP: 31/31
 57326 | Abyss:3  | Cast into level 3 of the Abyss (an occultist)
 57425 | Abyss:3  | Noticed a profane servitor
 57437 | Abyss:3  | Killed a profane servitor
 57530 | Abyss:3  | Reached skill level 17 in Air Magic
 57748 | Depths:3 | Escaped the Abyss
 58155 | Depths:3 | Noticed a golden dragon
 58193 | Depths:3 | Paralysed by a vampire knight for 5 turns
 58766 | Depths:3 | Found an opulent altar of Gozag.
 58768 | Depths:3 | Found Gozag's Assorted Antiques.
 58770 | Depths:3 | Found Gozag's Antique Armour Emporium.
 58772 | Depths:3 | Found Gozag's Antique Armour Shoppe.
 59451 | Depths:3 | Killed a golden dragon
 59796 | Depths:3 | Identified the +7 orcbow of Cocytus {flame, rF+ MP+9}
 59813 | Depths:3 | Found a one-way gate to the infinite horrors of the Abyss.
 60553 | Depths:4 | Entered Level 4 of the Depths
 60977 | Depths:4 | Found a broken altar of Ashenzari.
 61142 | Depths:4 | Found a glowing golden altar of the Shining One.
 61144 | Depths:4 | Found a glowing silver altar of Zin.
 61145 | Depths:4 | Found a white marble altar of Elyvilon.
 62195 | Depths:4 | Found a gate to the Realm of Zot.
 62457 | Depths:4 | Reached skill level 18 in Air Magic
 62895 | Zot:1    | Entered Level 1 of the Realm of Zot
 62920 | Zot:1    | Noticed a golden dragon
 62938 | Zot:1    | Killed a golden dragon
 62996 | Zot:1    | Noticed a golden dragon
 63012 | Zot:1    | Killed a golden dragon
 63013 | Zot:1    | Reached XP level 22. HP: 159/195 MP: 33/33
 63138 | Zot:1    | Found a runed translucent door.
 63140 | Zot:1    | Noticed Grunn
 63155 | Zot:1    | Killed Grunn
 63613 | Zot:1    | Noticed Nanua's ghost (legendary GnRe)
 64965 | Zot:1    | Killed Nanua's ghost
 65106 | Zot:2    | Noticed a golden dragon
 65106 | Zot:2    | Noticed a curse toe
 65110 | Zot:2    | Noticed a golden dragon
 65227 | Zot:2    | HP: 6/198 [storm dragon/bolt of lightning (14)]
 65228 | Zot:2    | Noticed a golden dragon
 65231 | Zot:2    | Found a runed translucent gate.
 65231 | Zot:2    | Noticed a golden dragon
 65250 | Zot:2    | HP: 9/198 [storm dragon (1)]
 65252 | Zot:2    | Mangled by a storm dragon

Illustrated notes

Levels and vault maps discovered:
D:1:      enne_arrival_octagon_isle, layout_rooms,
          hellmonk_ecumenical_altar_blasted, minmay_statues_item,
          corexii_item_surrounded_by_moat
D:2:      layout_basic, minivault_4
D:3:      layout_basic
D:4:      layout_loops_ring
D:5:      layout_loops_ring, serial_co_window_serial, co_window_corner_a,
          co_window_of_opportunity_a, co_window_corner_a, co_window_paths_b,
          co_window_paths_b, co_window_paths_b, co_window_corner_a,
          co_window_paths_c, co_window_corner_b, co_window_corner_b,
          co_window_paths_d, glass_columns_a, glass_columns_a,
          serial_bayou_pond_d, uniq_prince_ribbit1
D:6:      layout_gridville, nicolae_overflow_crystal_walls,
          minmay_temple_entry_stoned_glass, minmay_misc_feat_secret_circle,
          uniq_jeremiah, uniq_blork_the_orc
D:7:      layout_cave_pools, kennysheep_slug_shrine, uniq_duvessa,
          uniq_menkaure, uniq_pikel
D:8:      layout_loops_ring, nicolae_gozag_zags_fifth_avenue,
          grunt_temple_overflow_open, lair_entry_dummy,
          gammafunk_ghost_stat_death, minmay_diced_spiral
D:9:      layout_rooms, kennysheep_mini
D:10:     layout_irregular_city, mainiacjoe_overflow_cross_hatched,
          serial_shops, nicolae_shop_back_alley_shop,
          nicolae_shop_tiny_real_fake_doors, shop, nicolae_shop_back_alley_shop,
          shop, gammafunk_ghost_icy, chequers_serial_rivers_room_b,
          hangedman_weighted_door, reono_crystal_passage,
          mrwooster_statue_mirror, lemuel_flamethrower_hall, uniq_maggie,
          uniq_urug
D:11:     layout_roguey, serial_undead, serial_undead_d, serial_undead_f,
          serial_undead_d, serial_undead_c, serial_undead_f, serial_undead_c,
          serial_undead_c, serial_undead_f, uniq_snorg, uniq_erolcha,
          uniq_psyche
D:12:     layout_grid_maze, david_orc_3, marbit_kobold_abyssish, uniq_nessos,
          uniq_josephine
D:13:     nzn_winding_woodlands_three_and_one
          [nzn_winding_woodlands_5x15_zeroes,
          nzn_winding_woodlands_5x15_sidewinder,
          nzn_winding_woodlands_5x15_concentric,
          nzn_winding_woodlands_center_pierced_h], layout_cave_pools,
          david_vaults_2, serial_shops, bzr_entry_gold,
          kennysheep_big_empty_room, nicolae_tricolors, uniq_azrael
D:14:     layout_loops_cross, kennysheep_donut, serial_shops, bzr_entry_safe,
          shop, shop, nicolae_shop_rolling_square,
          nicolae_shop_pleasant_corner_grove, kennysheep_generic_room_7
D:15:     hangedman_depths_entry_civil_slaughter, layout_irregular_city,
          serial_column_ruins, column_ruins_hut, column_ruins_hut,
          column_ruins_open_tiny, column_ruins_open_tiny,
          column_ruins_corridor_straight, column_ruins_grid_4,
          gauntlet_entry_generic, basic_altar, serial_library_hellmonk_u_bend,
          minmay_hollow_rounded_squares, uniq_agnes
Lair:1:   layout_gridlike, serial_bayou, serial_bayou_shore_b,
          serial_bayou_pond_b, serial_bayou_lagoon_b, serial_bayou_pond_a
Lair:2:   layout_gridlike, st_stairs_8
Lair:3:   layout_loops_ring, skrybe_swamp_entry_bodies,
          guppyfry_snake_entry_island, uniq_kirke
Lair:4:   layout_misc_corridors, minmay_slime_entry_pillars,
          nicolae_lair_yak_garden
Lair:5:   grunt_lair_end_beastmaster, layout_regular_city
Swamp:1:  layout_falls_marsh, evilmike_swamp_ruin_house_3, swamp_pool_1_2,
          hangedman_swamp_lotus, nicolae_swamp_necromancer_hut,
          nicolae_swamp_tree_isthmus
Swamp:2:  layout_basic_swamp, nicolae_swamp_treefoil
Swamp:3:  layout_basic_swamp, nicolae_swamp_tree_designs
Swamp:4:  swamp, layout_basic_swamp, swamp_pool_1_2, nicolae_swamp_baby_hydras
Snake:1:  layout_cave_shapes
Snake:2:  layout_onion_interference, nicolae_large_snake_swirl,
          serial_bayou_shore_b, serial_bayou_shore_a
Snake:3:  layout_grid_shapes, drop_trap, uniq_aizul, uniq_vashnia, uniq_asterion
Snake:4:  snake_pit, layout_grid_maze, serial_shops, shop
Slime:1:  layout_caves
Slime:2:  layout_caves, basic_altar
Slime:3:  layout_caves
Slime:4:  layout_caves
Slime:5:  slime_pit_nicolae_royal_road_to_ruin
Orc:1:    layout_caves, basic_altar, nicolae_orc_crystal_seam
Orc:2:    st_orc_congregation, layout_caves, basic_altar, elf_legates
Depths:1: layout_cave_pools, enter_ziggurat_f, biasface_ghost_demon_polymorph,
          grunt_hell_entry_dis_old, nicolae_the_louvre, minmay_door_square,
          dreamdust_wishing_well, amcnicky_mini_pool_small, wad_rectangle_vault,
          firewood_loft
Depths:2: kennysheep_cluttered_fort, layout_cave_pools, serial_shops,
          kennysheep_mini_moat, chequers_serial_rivers_micro_b,
          pf_dread_powers_of_hell, pan_entry, minmay_staircase_windowed_large
Depths:3: kennysheep_gozag_temple, layout_honeycomb, rand_demon_pan_entry_7,
          hell_entry, abyss_entry, minmay_holes, nicolae_figureground_sparkle,
          infiniplex_staircase_zigzag_1
Depths:4: grunt_zot_entry_pinwheel, layout_gridville, abyss_entry, hellmouth_1,
          good_gods_mini_temple, drop_trap, cheibrodos_ashenzari_chains
Zot:1:    layout_basic, hellmonk_ghost_big_iron, lemuel_flame_loot_1, uniq_grunn
Zot:2:    layout_onion_interference, gammafunk_ghost_cemetery,
          regret_index_zotdec_slimy_original, nicolae_lava_and_water,
          uniq_josephina

Skill      XL: |  1  2  3  4  5  6  7  8  9 10 11 12 13 14 15 16 17 18 19 20 21 22 |
---------------+-------------------------------------------------------------------+-----
Dodging        | 2 3 4 5 6 7 9 10 11 12 13 14 | 14.2
Fighting       | 3 4 5 7 8 10 12 13 14 15 16 | 16.6
Stealth        | 2 4 |  4.0
Conjurations   | 4 5 7 9 12 13 14 | 14.2
Ice Magic      | 4 5 7 |  7.0
Spellcasting   | 3 6 9 10 11 | 11.7
Air Magic      | 5 9 10 11 14 16 18 | 18.6
Maces & Flails | 1 6 7 8 9 |  9.8
Translocations | 3 |  3.0
Evocations     | 4 7 9 10 | 10.0
Summonings     | 3 10 | 10.0
Staves         | 4 7 9 10 | 10.1
Polearms       | 4 6 10 | 10.2
Shields        | 3 5 10 11 12 | 12.0

Action                     |  1- 3 |  4- 6 |  7- 9 | 10-12 | 13-15 | 16-18 | 19-21 | 22-24 || total
---------------------------+-------+-------+-------+-------+-------+-------+-------+-------++-------
  Melee: Spear             |   115 |   138 |       |       |       |       |       |       ||   253
         Tailslap          |    13 |    24 |    26 |    48 |    58 |    39 |   271 |    26 ||   505
         Punch             |       |     4 |     2 |     2 |     1 |     2 |       |       ||    11
         Dagger            |       |    47 |   113 |       |       |       |       |       ||   160
         Whip              |       |       |    85 |   365 |   170 |    64 |       |       ||   684
         Staff             |       |       |       |       |   178 |   179 |   155 |       ||   512
         Lance             |       |       |       |       |       |       |   955 |   109 ||  1064
   Fire: Sling             |     2 |    32 |       |       |       |       |       |       ||    34
  Throw: Dart              |     3 |     3 |     1 |       |       |       |       |       ||     7
         Stone             |     2 |     4 |       |       |       |       |       |       ||     6
         Boomerang         |       |     7 |    11 |       |       |     8 |       |       ||    26
   Cast: Kiss of Death     |     5 |       |       |       |       |       |       |       ||     5
         Momentum Strike   |     8 |    11 |    11 |     3 |       |       |       |       ||    33
         Sandblast         |     2 |       |       |       |       |       |       |       ||     2
         Frozen Ramparts   |       |     1 |    17 |    24 |    15 |       |       |       ||    57
         Freezing Cloud    |       |       |     9 |    43 |    66 |   104 |    38 |     2 ||   262
         Arcjolt           |       |       |       |    12 |    30 |    19 |   124 |    13 ||   198
         Orb of Destructio |       |       |       |    16 |   105 |   152 |    77 |    10 ||   360
         Blink             |       |       |       |       |     5 |       |     1 |     1 ||     7
         Spellforged Servi |       |       |       |       |    37 |    46 |    14 |     5 ||   102
         Maxwell's Capacit |       |       |       |       |       |     1 |     5 |     1 ||     7
Ability: Breathe Lightning |       |       |     9 |     3 |     4 |     2 |     2 |       ||    20
  Evoke: Wand              |       |     2 |     4 |     8 |     6 |    13 |     7 |     9 ||    49
         Phial of floods   |       |       |       |     1 |     1 |     2 |       |     1 ||     5
         Box of beasts     |       |       |       |       |       |     2 |     2 |     1 ||     5
         Lightning rod     |       |       |       |       |       |       |     4 |     4 ||     8
         Phantom mirror    |       |       |       |       |       |       |     1 |     2 ||     3
    Use: Scroll            |       |     1 |     3 |     9 |    18 |    22 |     4 |     8 ||    65
         Potion            |       |       |     1 |     2 |     2 |    17 |     9 |     3 ||    34
   Stab: Sleeping          |     1 |     5 |       |     1 |       |       |     6 |     1 ||    14
         Distracted        |       |       |       |     1 |     3 |       |     3 |     1 ||     8
 Armour: Skin              |    50 |    86 |   143 |   247 |   286 |   252 |   566 |   125 ||  1755
  Dodge: Dodged            |    59 |    98 |   147 |   201 |   264 |   224 |   456 |   123 ||  1572
  Block: Kite shield       |       |       |       |       |       |       |   506 |   109 ||   615

Table legend: (Time is in decaauts)
 A = Elapsed time spent in this place.
 B = Non-inter-level travel time spent in this place.
 C = Inter-level travel time spent in this place.
 D = Time resting spent in this place.
 E = Time spent auto-exploring this place.
 F = Levels seen in this place.
 G = Mean time per level.
                   A        B        C        D        E       F      G
               +--------+--------+--------+--------+--------+-----+--------+
         Total |  64693 |  61021 |   3672 |  24132 |  23313 |  44 | 1470.3 |
       Dungeon |  19202 |  17321 |   1881 |   3921 |   8634 |  15 | 1280.1 |
          Lair |   8587 |   7904 |    683 |   2868 |   3698 |   5 | 1717.4 |
         Swamp |   5510 |   5320 |    190 |   2368 |   1755 |   4 | 1377.5 |
     Snake Pit |   9802 |   9554 |    248 |   5490 |   2362 |   4 | 2450.5 |
    Slime Pits |   5375 |   5111 |    264 |   3222 |    744 |   5 | 1075.0 |
  Orcish Mines |   2919 |   2832 |     87 |    954 |   1209 |   2 | 1459.5 |
        Depths |   9807 |   9504 |    303 |   4435 |   3459 |   4 | 2451.8 |
           Zot |   2022 |   2009 |     13 |    631 |    757 |   2 | 1011.0 |
         Abyss |    380 |    380 |      0 |    140 |      0 |   1 |  380.0 |
        Bazaar |    230 |    230 |      0 |      0 |    192 |   1 |  230.0 |
      Gauntlet |    853 |    853 |      0 |    100 |    503 |   1 |  853.0 |
               +--------+--------+--------+--------+--------+-----+--------+

Top non-repeatable levels by time:
 Snake:3: 3315 daAuts
 Snake:4: 2926 daAuts
Depths:3: 2786 daAuts
Depths:1: 2594 daAuts
Depths:4: 2539 daAuts
 Slime:5: 2331 daAuts
 Snake:2: 2167 daAuts
  Lair:5: 2145 daAuts
    D:10: 2118 daAuts
   Orc:2: 2055 daAuts
Depths:2: 1886 daAuts
  Lair:3: 1886 daAuts
   Zot:1: 1871 daAuts
     D:5: 1811 daAuts
  Lair:1: 1709 daAuts
